Map: Terrazze Prion

Players

Jhyrachy - Winner!

  • Race: Zerg Zerg
  • League: Silver

Dosenöffner

  • Race: Protoss Protoss
  • League: Bronze

VOD

Have the link to the VOD?

Description

Time

  • Played on: Dec. 3, 2015, 4:09 p.m.
  • Length: 4:42
Show
View Real Time Build Order
Export as new Build Order

Jhyrachy Zerg - Winner!

Build Orders: Hatch First 

Get SALT Encoding   

  12  0:01  Drone  
  13  0:10  Drone  
  14  0:18  Overlord  
  14  0:37  Drone  
  14  0:38  Drone x2  
  17  0:52  Extractor  
  16  0:59  Drone  
  16  1:04  Hatchery  
  16  1:18  Spawning Pool  
  15  1:28  Drone  
  15  1:29  Drone  
  15  1:31  Drone  
  18  1:57  Drone  
  18  1:59  Overlord  
  19  2:13  Queen  
  19  2:14  Zergling x2  
  22  2:16  Queen  
  22  2:19  Metabolic Boost  
  24  2:29  Evolution Chamber  
  23  2:31  Drone, Overlord  
  24  3:00  Zergling x2  
  24  3:01  Zergling x10  
  30  3:29  Zergling x12  
  30  3:30  Zergling x4  
  38  4:02  Zergling x10  
  38  4:03  Zergling x10  
  38  4:04  Overlord  
Show
View Real Time Build Order
Export as new Build Order

Dosenöffner Protoss 

Build Orders:  

Get SALT Encoding   

  12  0:02  Probe (Chrono Boost)  
  13  0:18  Pylon  
  13  0:21  Probe (Chrono Boost)  
  14  0:31  Probe (Chrono Boost)  
  15  0:38  Gateway  
  15  0:42  Probe (Chrono Boost)  
  16  0:52  Probe (Chrono Boost)  
  17  0:57  Assimilator  
  17  1:06  Probe (Chrono Boost)  
  18  1:17  Probe (Chrono Boost)  
  19  1:18  Pylon  
  19  1:21  Gateway  
  19  1:27  Probe (Chrono Boost)  
  20  1:35  Zealot  
  20  1:37  Assimilator  
  20  1:38  Probe (Chrono Boost)  
  23  1:55  Probe (Chrono Boost)  
  23  1:58  Cybernetics Core, Pylon  
  24  2:05  Probe (Chrono Boost)  
  24  2:06  Zealot  
  27  2:11  Zealot  
  29  2:34  Warp Gate (Chrono Boost)  
  29  2:40  Gateway  
  29  2:41  Gateway  
  31  2:44  Sentry  
  31  2:46  Stalker  
  33  3:06  Probe  
  34  3:18  Probe  
  35  3:21  Stalker x2  
  39  3:37  Pylon  
  39  3:55  Stalker x2  
  37  4:05  Stalker x2  
  37  4:18  Nexus  
Tags
 
Add a new tag
Caveats
  • Supply blocks, unpowered buildings, or Contaminate may cause inaccurate times.
  • Supply counts are checked every 10 seconds.